 Dungeon Crawl Stone Soup version 0.27-a0-686-gaed091b46b (webtiles) character file.

Game seed: 3007211017548703001

23 sahdkjhfkaj the Magician (level 2, -6/20 HPs)
             Began as a Palentonga Hedge Wizard on Mar 20, 2021.
             Mangled by an ogre
             ... wielding a +0 giant spiked club
              (22 damage)
             ... on level 2 of the Dungeon.
             The game lasted 00:01:35 (1478 turns).

sahdkjhfkaj the Magician (Palentonga Hedge Wizard)  Turns: 1478, Time: 00:01:36

Health: -6/20      AC:  4    Str: 13    XL:     2   Next: 75%
Magic:  2/6        EV:  9    Int: 14    God:
Gold:   32         SH:  0    Dex:  9    Spells: 4/7 levels left

rFire    . . .     SeeInvis +   a - +0 dagger
rCold    . . .     Faith    .   (no shield)
rNeg     . . .     Spirit   .   b - +0 robe
rPois    .         Reflect  .   c - +0 hat
rElec    .         Harm     .   (no cloak)
rCorr    .         Rampage  .   (no gloves)
Will     .....                  (no barding)
Stlth    +.........             (no amulet)
HPRegen  0.06/turn              (no ring)
MPRegen  0.10/turn              (no ring)

@: no status effects
A: large, rugged brown scales 3, see invisible, deformed body, roll 1, armoured
tail
a: Rolling Charge


You were on level 2 of the Dungeon.
You visited 1 branch of the dungeon, and saw 2 of its levels.

You collected 32 gold pieces.

Inventory:

Hand Weapons
 a - a +0 dagger (weapon)
Armour
 b - a +0 robe (worn)
 c - a +0 hat (worn)
Magical Staves
 i - a staff of air {!a}
Scrolls
 e - 2 scrolls of identify {unknown}
 g - a scroll of enchant armour {unknown}
Potions
 d - 2 potions of haste {unknown}
 f - 2 potions of lignification {unknown}
 h - a potion of heal wounds {unknown}


   Skills:
 - Level 1.5 Dodging
 - Level 1.2 Stealth
 - Level 3.0 Spellcasting
 - Level 2.0 Conjurations
 + Level 1.5 Summonings
 - Level 1.0 Translocations


You had 4 spell levels left.
You knew the following spells:

 Your Spells              Type           Power      Damage    Failure   Level
a - Magic Dart            Conj           28%        1d4       10%         1
b - Call Imp              Summ           6%         N/A       17%         2

Your spell library contained the following spells:

 Spells                   Type           Power      Damage    Failure   Level
 Blink                    Tloc           N/A        N/A       22%         2
 Slow                     Hex            2%         N/A       32%         2
 Conjure Flame            Conj/Fire      4%         6-21      38%         3
 Mephitic Cloud           Conj/Pois/Air  3%         N/A       45%         3


Dungeon Overview and Level Annotations

Branches:
Dungeon (2/15)

Altars:


Innate Abilities, Weirdness & Mutations

You are completely covered in rugged brown scales. (AC +3, +7% HP)
You have supernaturally acute eyesight. (SInv)
Armour fits poorly on your strangely shaped body.
You can roll at nearby foes to attack.
You have a long armoured tail.


Message History

Casting: Magic Dart (safe; 10% risk of failure)
Confirm with . or Enter, or press ? or * to list all spells.
Aiming: Magic Dart (safe; 10% risk of failure)
Press: ? - help, Shift-Dir - straight line, f/p - hobgoblin
Aim: a hobgoblin, wielding a +0 club (lightly wounded, 0% to evade)
The magic dart hits the hobgoblin.
The hobgoblin is heavily wounded.
Casting: Magic Dart (safe; 10% risk of failure)
Confirm with . or Enter, or press ? or * to list all spells.
Aiming: Magic Dart (safe; 10% risk of failure)
Press: ? - help, Shift-Dir - straight line, f/p - hobgoblin
Aim: a hobgoblin, wielding a +0 club (heavily wounded, 0% to evade)
The magic dart hits the hobgoblin.
The hobgoblin is almost dead.
Roll where?
Press: ? - help, Dir - move target, f/p - hobgoblin
Aim: a hobgoblin, wielding a +0 club (almost dead)
You roll forward with a clatter of scales!
You hit the hobgoblin but do no damage.
The hobgoblin is almost dead.
You hear a shout!
The hobgoblin hits you with a +0 club.
Casting: Magic Dart (safe; 10% risk of failure)
Confirm with . or Enter, or press ? or * to list all spells.
Aiming: Magic Dart (safe; 10% risk of failure)
Press: ? - help, Shift-Dir - straight line, f/p - hobgoblin
Aim: a hobgoblin, wielding a +0 club (almost dead, 0% to evade)
The magic dart hits the hobgoblin but does no damage.
The hobgoblin is almost dead.
An ogre comes into view. It is wielding a +0 giant spiked club.
The hobgoblin closely misses you.
Casting: Magic Dart (safe; 10% risk of failure)
Confirm with . or Enter, or press ? or * to list all spells.
Aiming: Magic Dart (safe; 10% risk of failure)
Press: ? - help, Shift-Dir - straight line, f/p - hobgoblin
Aim: a hobgoblin, wielding a +0 club (almost dead, 0% to evade)
The magic dart hits the hobgoblin.
You kill the hobgoblin!
The ogre shouts!
A hobgoblin comes into view.
Unknown command.
Unknown command.
The ogre hits you with a +0 giant spiked club.
The ogre barely misses you. The ogre barely misses you.
The ogre closely misses you.
There is a stone staircase leading up here.
The ogre hits you with a +0 giant spiked club!!
Ouch! That really hurt!
You die...

#.##.# #.##.# ..
#$##.#+#### ...
+.........# ###...
#.###.....###......
..O..)...+.............#
......####.............#
..#.<. #.....O.......#
..g... #.....g@......#
...... #..........[..#
#.##.. ##............#
.. #.. #+############


You could see an ogre and a hobgoblin.

Vanquished Creatures
  2 dart slugs (D:1)
  3 goblins (D:1)
  7 hobgoblins
  2 bats (D:1)
  A frilled lizard (D:1)
  A kobold (D:1)
  2 rats (D:1)
18 creatures vanquished.

Notes
Turn   | Place    | Note
-------+----------+-------------------------------------------
     0 | D:1      | sahdkjhfkaj the Palentonga Hedge Wizard began the quest for
                  | the Orb.
     0 | D:1      | Reached XP level 1. HP: 13/13 MP: 4/4
     6 | D:1      | Reached skill level 1 in Conjurations
   276 | D:1      | Reached XP level 2. HP: 9/20 MP: 3/6
   685 | D:1      | Reached skill level 1 in Summonings
  1349 | D:1      | Learned a level 2 spell: Call Imp
  1460 | D:2      | Noticed an ogre
  1478 | D:2      | Mangled by an ogre

Illustrated notes

Levels and vault maps discovered:
D:1:      scummos_arrival_simple_fountains, layout_basic
D:2:      layout_basic, serial_shops, shop

Skill      XL: |  1  2 |
---------------+-------+-----
Conjurations   | 1 2 |  2.0
Summonings     | 1 |  1.5
Dodging        | |  1.5
Stealth        | |  1.2
Spellcasting   | |  3.0
Translocations | |  1.0

Action                   || total
-------------------------++-------
Melee: Dagger            ||    32
       Tailslap          ||     4
 Cast: Magic Dart        ||    42
 Abil: Rolling Charge    ||     7
 Stab: Sleeping          ||     1
Armor: Robe              ||     6
Dodge: Dodged            ||    27

Table legend: (Time is in decaauts)
 A = Elapsed time spent in this place.
 B = Non-inter-level travel time spent in this place.
 C = Inter-level travel time spent in this place.
 D = Time resting spent in this place.
 E = Time spent auto-exploring this place.
 F = Levels seen in this place.
 G = Mean time per level.
                   A        B        C        D        E       F      G
               +--------+--------+--------+--------+--------+-----+--------+
         Total |   1477 |   1430 |     47 |      0 |   1235 |   2 |  738.5 |
       Dungeon |   1477 |   1430 |     47 |      0 |   1235 |   2 |  738.5 |
               +--------+--------+--------+--------+--------+-----+--------+

Top non-repeatable levels by time:
     D:1: 1432 daAuts
     D:2: 45 daAuts
